 Dungeon Crawl Stone Soup version 0.19.6-3-g7d5932f76a (webtiles) character file.

27 BrokenGlass the Scratcher (level 2, -1/21 HPs)
             Began as a Felid Wanderer on Apr 18, 2023.
             Slain by a leopard gecko (3 damage)
             ... on level 2 of the Dungeon.
             The game lasted 00:00:49 (721 turns).

BrokenGlass the Scratcher (Felid Wanderer)           Turns: 721, Time: 00:00:50

Health: -1/21      AC: 21    Str:  8    XL:     2   Next: 93%
Magic:  3/3        EV:  4    Int: 14    God:
Gold:   65         SH:  0    Dex: 14    Spells: 0 memorised, 1 level left
                                        Lives:  0   Deaths: 0

rFire  . . .     SeeInvis +       - Unarmed
rCold  . . .     Gourm    .     (armour unavailable)
rNeg   + + +     Faith    .     (shield unavailable)
rPois  +         Spirit   .     (helmet unavailable)
rElec  .         Reflect  .     (cloak unavailable)
rCorr  .         Harm     .     (gloves unavailable)
MR     .....     NoTele   +     (boots unavailable)
Stlth  ++........               (no amulet)
                                (no ring)
                                (no ring)

@: tree-form
A: no armour, no weapons or thrown items, stealth, (claws 0), (fangs 0), see
invisible, carnivore 3, (speed 0), (shaggy fur 0), slow metabolism 1, (sharp
paws)
a: no special abilities


You were on level 2 of the Dungeon.
You were not hungry.
You were a tree.
You visited 1 branch of the dungeon, and saw 2 of its levels.

You collected 65 gold pieces.

Inventory:

Jewellery
 i - an uncursed ring of protection from cold {unknown}
Wands
 c - a wand of random effects (15/48)
Scrolls
 g - a scroll of teleportation {unknown}
 h - a scroll of remove curse {unknown}
 k - a scroll of enchant armour {unknown}
Potions
 a - a potion of haste
 e - a potion of degeneration {unknown}
 j - a potion of berserk rage {unknown}
Comestibles
 d - 3 meat rations
 f - a beef jerky


   Skills:
 + Level 3.1 Fighting
 - Level 1.3 Stealth
 * Level 5.7 Unarmed Combat
 - Level 1.1 Evocations


You had one spell level left.
You didn't know any spells.

Dungeon Overview and Level Annotations

Branches:
Dungeon (2/15)

Altars:


Innate Abilities, Weirdness & Mutations

You cannot wear armour.
You are incapable of wielding weapons or throwing items.
Your paws allow you to move quietly. (Stealth)
((You have sharp claws.))
((You have razor-sharp teeth.))
You have supernaturally acute eyesight. (SInv)
You are carnivorous and can eat meat at any time.
((You cover ground quickly.))
((You are covered in fur. (AC +1)))
You have a slow metabolism.
((Your sharp claws are effective at attacking unaware monsters.))


Message History

You hit the hobgoblin but do no damage.
The hobgoblin is lightly wounded.
The leopard gecko bites you but does no damage.
The kobold hits you but does no damage.
The hobgoblin hits you but does no damage.
The rat bites you but does no damage.
Unknown command.
Unknown command.
You smack the hobgoblin!
You kill the hobgoblin!
The leopard gecko bites you but does no damage.
The kobold hits you but does no damage.
Unknown command.
Unknown command.
You barely miss the leopard gecko. The rat bites you but does no damage.
The leopard gecko bites you but does no damage.
Unknown command.
Unknown command.
You closely miss the leopard gecko. The leopard gecko bites you.
You die...

#....# #...
#....####...
#....##.....
#....##.....
#....##...## #
#....###### #.
#######'##
#..###...###.#
#..l♣........#
......)Kr...##..#
........>...##..#
.............#..#
............[#..#
.......(.....#(.#
................#
.........#####.##
...... .#


You could see a leopard gecko, a kobold and a rat.

Vanquished Creatures
  2 dart slugs (D:1)
  4 leopard geckos
  2 bats (D:1)
  2 giant cockroaches (D:1)
  2 goblins
  A hobgoblin (D:2)
  2 kobolds (D:1)
  A ball python (D:2)
  2 frilled lizards (D:1)
18 creatures vanquished.

Notes
Turn   | Place    | Note
-------+----------+-------------------------------------------
     0 | D:1      | BrokenGlass the Felid Wanderer began the quest for the Orb.
     0 | D:1      | BrokenGlass set off with: a potion of haste, a potion of lignification, a wand of random effects (15/48), a meat ration
     0 | D:1      | Reached XP level 1. HP: 10/10 MP: 2/2
   158 | D:1      | Reached XP level 2. HP: 13/14 MP: 3/3
   721 | D:2      | Slain by a leopard gecko

Action                   || total
-------------------------++-------
Melee: Unarmed           ||    45
       Punch             ||     1
       Bite              ||     1
  Use: Potion            ||     1
 Stab: Sleeping          ||     4
Armor: Skin              ||    12
Dodge: Dodged            ||    27
